 Dungeon Crawl Stone Soup version 0.25-a0-42-g6c54e25894 (webtiles) character file.

Game seed: 4078098680838987316, levelgen mode: deterministic

63 Amnesiac the Ruffian (level 3, 0/37 HPs)
             Began as a Troll Monk on Oct 22, 2019.
             Was a Believer of Ru.
             Slain by a black bear (3 damage)
             ... on level 3 of the Dungeon.
             The game lasted 00:03:16 (1964 turns).

Amnesiac the Ruffian (Troll Monk)                   Turns: 1964, Time: 00:03:16

Health: 0/37       AC:  6    Str: 20    XL:     3   Next: 89%
Magic:  2/2        EV: 11    Int:  6    God:    Ru [**....]
Gold:   121        SH:  0    Dex: 12    Spells: 2/2 levels left

rFire    . . .     SeeInvis .     - Unarmed
rCold    . . .     Gourm    +   (no shield)
rNeg     . . .     Faith    .   a - +0 robe
rPois    .         Spirit   .   (helmet restricted)
rElec    .         Reflect  .   (no cloak)
rCorr    .         Harm     .   (gloves unavailable)
MR       .....                  (boots unavailable)
Stlth    ++........             (no amulet)
HPRegen  0.52/turn              (no ring)
MPRegen  0.08/turn              (no ring)

@: no status effects
A: large, unfitting armour, claws 3, fast metabolism 3, gourmand, regeneration
1, shaggy fur 1, tough skin 3, inexperienced 1
a: Renounce Religion


You were on level 3 of the Dungeon.
You worshipped Ru.
Ru was pleased with you.
You were completely stuffed.

You visited 2 branches of the dungeon, and saw 5 of its levels.

You collected 121 gold pieces.

Inventory:

Armour
 a - a +0 robe (worn)
Wands
 n - a wand of polymorph (5)
Scrolls
 d - 7 scrolls of identify {!r, unknown}
 e - a scroll of random uselessness {!r, unknown}
 f - a scroll of fear {!r, unknown}
 g - a scroll of enchant weapon {!r, unknown}
 i - 2 scrolls of remove curse {!r, unknown}
 p - a scroll of enchant armour {!r, unknown}
 q - 5 scrolls of teleportation {!r, unknown}
 s - 2 scrolls of magic mapping {!r, unknown}
 u - a scroll of amnesia {!r, unknown}
Potions
 c - 2 potions of agility {!q, unknown}
 h - a potion of invisibility {!q, unknown}
 j - 4 potions of flight {!q, unknown}
 l - 3 potions of curing {!q, unknown}
 m - 2 potions of ambrosia {!q, unknown}
 o - a potion of cancellation {!q, unknown}
 r - a potion of heal wounds {!q}
 t - 2 potions of might {!q, unknown}
Comestibles
 b - 9 rations
 k - 4 chunks of flesh


   Skills:
 + Level 3.1 Fighting
 + Level 3.1 Dodging
 - Level 1.0 Stealth
 * Level 4.5 Unarmed Combat


You had 2 spell levels left.
You didn't know any spells.
Your spell library was empty.

Dungeon Overview and Level Annotations

Branches:
Dungeon (4/15)             Temple (1/1) D:4

Altars:
Ashenzari
Gozag
Ru
Sif Muna
Vehumet
Wu Jian
Zin

Annotations:
D:2 2 transporters


Innate Abilities, Weirdness & Mutations

You are too large for most types of armour.
You have claws for hands.
Your metabolism is lightning-fast.
You like to eat raw meat.
Your natural rate of healing is unusually fast.
You are covered in fur. (AC +1)
You have extremely tough skin. (AC +3)
You are somewhat inexperienced. (-2 XL)


Message History

a cursed +0 chain mail; a +0 club
There is a stone staircase leading down here.
d - 7 scrolls labeled HADOURPH ICEFI {!r} (gained 1) Key pressed, stopping explore.
No target in view!
Eating one of 5 chunks of flesh.
You eat one of the 5 chunks of flesh.
This raw flesh tastes great.
A black bear and a goblin come into view.
The goblin shouts!
There are monsters nearby!
You scratch the black bear.
The black bear is lightly wounded.
The black bear closely misses you. x2
The black bear claws you but does no damage.
You scratch the black bear but do no damage.
The black bear is lightly wounded.
The goblin barely misses you.
The black bear bites you but does no damage.
The black bear claws you.
The black bear claws you but does no damage.
You scratch the black bear but do no damage.
The black bear is lightly wounded.
The black bear bites you.
The black bear claws you but does no damage.
The black bear closely misses you.
You claw the black bear!
The black bear is heavily wounded.
The black bear barely misses you. x2; The black bear claws you.
You claw the black bear!
The black bear is severely wounded.
The black bear bites you. The black bear closely misses you.
The black bear claws you.
You scratch the black bear.
The black bear is severely wounded.
The black bear goes berserk!
You barely miss the black bear.
The black bear is severely wounded.
The black bear bites you but does no damage.
The black bear claws you but does no damage.
The black bear closely misses you.
You scratch the black bear but do no damage.
The black bear is severely wounded.
The black bear bites you! The black bear claws you.
* * * LOW HITPOINT WARNING * * *
The black bear claws you.
* * * LOW HITPOINT WARNING * * *
The black bear bites you but does no damage.
The black bear claws you but does no damage.
The black bear claws you.
* * * LOW HITPOINT WARNING * * *
You are too injured to fight recklessly!
You are too injured to fight recklessly!
You scratch the black bear.
The black bear is severely wounded.
The black bear bites you.
* * * LOW HITPOINT WARNING * * *
The black bear claws you but does no damage.
The black bear claws you.
* * * LOW HITPOINT WARNING * * *
Unknown command.
You barely miss the black bear.
The black bear is severely wounded.
The black bear bites you.
You die...

### #.#.## ..#
#.#.#### #.#
#.#....#
#.########.####.##
.....<.........(.###
###.#####..#####...#
#.###.).##
#.#.#######
#..<#.###
#)#..(....# ###.#.#
#@#.......# #...#
#.h...>...# ##.##
###.......# ###
#.......# #.......#
#.......# #.......#
#.......# #.......#


You could see a black bear (berserk).

Vanquished Creatures
  Robin (D:3)
  3 adders
  2 oozes
  2 worms (D:2)
  A leopard gecko (D:1)
  7 orcs (D:3)
  5 giant cockroaches
  14 goblins
  7 hobgoblins (D:3)
  3 jackals (D:3)
  A ball python (D:2)
  4 bats
  3 frilled lizards
  9 kobolds
  7 rats
69 creatures vanquished.

Vanquished Creatures (others)
  A goblin (D:2)
1 creature vanquished.

Grand Total: 70 creatures vanquished

Notes
Turn   | Place    | Note
-------+----------+-------------------------------------------
     0 | D:1      | Amnesiac the Troll Monk began the quest for the Orb.
     0 | D:1      | Reached XP level 1. HP: 22/22 MP: 0/0
   117 | D:2      | Reached XP level 2. HP: 29/29 MP: 1/1
   306 | D:3      | Reached XP level 3. HP: 25/36 MP: 2/2
   324 | D:3      | Noticed Robin
   358 | D:3      | Reached skill level 4 in Unarmed Combat
   381 | D:3      | Killed Robin
   383 | D:3      | Reached XP level 4. HP: 39/44 MP: 3/3
   640 | D:4      | Found a staircase to the Ecumenical Temple.
   650 | Bailey   | Identified a paperback manual
   650 | Temple   | Entered the Ecumenical Temple
   656 | Temple   | Became a worshipper of Ru the Awakened
   658 | Temple   | Gained mutation: You are somewhat inexperienced. (-2 XL)
                  | [Ru sacrifice]
   658 | Temple   | Reached XP level 3. HP: 37/37 MP: 2/2
   658 | Temple   | Reached XP level 2. HP: 31/31 MP: 1/1
   658 | Temple   | Reached * piety under Ru
   658 | Temple   | Reached ** piety under Ru
   813 | D:3      | Reached XP level 3. HP: 37/37 MP: 2/2
  1331 | D:2      | Found a transporter.
  1333 | D:2      | Found a shattered altar of Ashenzari.
  1334 | D:2      | Noticed a two-headed ogre
  1337 | D:2      | Found a transporter.
  1949 | D:3      | Noticed a black bear
  1964 | D:3      | Slain by a black bear

Levels and vault maps discovered:
D:1:      eino_arrival_druids_welcome, layout_basic, st_stairs_13
D:2:      layout_basic, gammafunk_temple_overflow_arena, first_ration
D:3:      layout_rooms, lemuel_zombie_altar_yredelemnul, uniq_robin
D:4:      layout_cave_pods, minmay_temple_entry_nine_rooms, minmay_misc_feat_chi
Temple:   eino_temple_rhombus

Skill      XL: |  1  2  3  4 |
---------------+-------------+-----
Unarmed Combat | 4 |  4.5
Fighting       | 3 |  3.1
Dodging        | 3 |  3.1
Stealth        | |  1.0

Action                   |  1- 3 |  4- 6 || total
-------------------------+-------+-------++-------
Melee: Unarmed           |   189 |    11 ||   200
       Punch             |     2 |     1 ||     3
Invok: Sacrifice Experie |     1 |       ||     1
 Stab: Sleeping          |     2 |       ||     2
  Eat: Chunk             |    19 |     5 ||    24
Armor: Robe              |    63 |     2 ||    65
Dodge: Dodged            |    80 |     5 ||    85

Table legend:
 A = Non-vault XP
 B = Vault XP
 C = Vault XP percentage of total XP
 D = Non-vault monster count
 E = Vault monster count
 F = Vault count percentage of total count
                 A         B        C        D         E       F
            +---------+---------+-------+---------+---------+-------
      Total |     152 |      41 |  21.2 |      55 |      15 |  21.4
            +---------+---------+-------+---------+---------+-------
        D:1 |      27 |       2 |   6.9 |      13 |       2 |  13.3
        D:2 |      40 |       0 |   0.0 |      11 |       0 |   0.0
        D:3 |      71 |      39 |  35.5 |      29 |      13 |  31.0
        D:4 |      14 |       0 |   0.0 |       2 |       0 |   0.0
            +---------+---------+-------+---------+---------+-------
